 Dungeon Crawl Stone Soup version 0.22-a0-815-gb582571 (webtiles) character file.

891 Amnesiac the Magician (level 7, 0/46 HPs)
             Began as a Mummy Earth Elementalist on July 23, 2018.
             Slain by a bullfrog skeleton (3 damage)
             ... on level 6 of the Dungeon.
             The game lasted 00:05:52 (4020 turns).

Amnesiac the Magician (Mummy Earth Elementalist)    Turns: 4020, Time: 00:05:52

Health: 0/46       AC:  5    Str: 11    XL:     7   Next: 77%
Magic:  7/16       EV: 11    Int: 18    God:
Gold:   188        SH:  0    Dex: 13    Spells: 5/19 levels left

rFire    x . .     SeeInvis .   c - +10 dagger of Parts Unknown {vamp, *Drain rC++ Int+2}
rCold    + + +     Gourm    .   (no shield)
rNeg     + + +     Faith    .   q - +1 leather armour {rPois}
rPois    ∞         Spirit   .   o - +0 helmet
rElec    .         Reflect  .   (no cloak)
rCorr    .         Harm     .   (no gloves)
MR       .....                  (no boots)
Stlth    ++........             (no amulet)
HPRegen  0.15/turn              l - ring of flight
MPRegen  0.15/turn              (no ring)

@: no status effects
A: no food or potions, fire vulnerability, cold resistance 1, negative energy
resistance 3, torment resistance, unbreathing
a: Evoke Flight


You were on level 6 of the Dungeon.
You were not hungry.

You visited 1 branch of the dungeon, and saw 6 of its levels.

You collected 188 gold pieces.

Inventory:

Hand Weapons
 c - the +10 dagger of Parts Unknown (weapon) {vamp, *Drain rC++ Int+2}
   (You found it on level 6 of the Dungeon)

   It inflicts no extra harm, but heals its wielder when it wounds a living foe.
   It affects your intelligence (+2).
   It greatly protects you from cold.
   It causes draining when unequipped.
 r - a +2 great sword
Missiles
 b - 62 stones (quivered)
 s - 11 arrows
Armour
 j - the +0 hat of the Gloaming {*Corrode rC+++ Int+4}
   (You found it on level 5 of the Dungeon)

   It affects your intelligence (+4).
   It renders you almost immune to cold.
   It may corrode you when you take damage.
 o - a +0 helmet (worn)
 q - a +1 leather armour of poison resistance (worn)
Jewellery
 l - a ring of flight (left hand)
Scrolls
 a - 2 scrolls of remove curse {!r}
 d - a scroll of blinking {!r}
 e - a scroll of enchant weapon {!r}
 i - a scroll of teleportation {!r}
 n - a scroll of fear {!r}


   Skills:
 - Level 1.5 Dodging
 - Level 1.5 Stealth
 + Level 6.6 Spellcasting
 - Level 0.7 Transmutations
 * Level 6.6 Earth Magic


You had 5 spell levels left.
You knew the following spells:

 Your Spells              Type           Power        Failure   Level  Hunger
b - Passwall              Tmut/Erth      ###.....     4%          2    N/A
c - Stone Arrow           Conj/Erth      ###...       12%         3    N/A
d - Lee's Rapid Deconstr  Erth           ####......   26%         5    N/A
e - Petrify               Tmut/Erth      ###.....     32%         4    N/A

Your spell library contained the following spells:

 Spells                   Type           Power        Failure   Level  Hunger
 Spider Form              Tmut/Pois      #.........   36%         3    N/A
 Blade Hands              Tmut           #.........   97%         5    N/A
 Ice Form                 Ice/Tmut       #.......     77%         4    N/A
 Sticks to Snakes         Tmut           #.......     17%         2    N/A
 Sandblast                Erth           ####..       1%          1    N/A
 Beastly Appendage        Tmut           #.....       11%         1    N/A

Dungeon Overview and Level Annotations

Branches:
Dungeon (6/15)
 Temple: D:4-7

Altars:
Elyvilon
Fedhas
Ru
Trog


Innate Abilities, Weirdness & Mutations

You do not eat or drink.
Your flesh is vulnerable to fire.
You are immune to poison.
Your flesh is cold resistant. (rC+)
You are immune to negative energy. (rN+++)
You are immune to unholy pain and torment.
You can survive without breathing.


Message History

a crude dagger; an animal skin
c - a crude dagger The crimson imp blinks!
Wield which item (- for none, * to show all)? (? for menu, Esc to quit)
You feel clever.
You feel an empty sense of dread.
c - the +10 dagger of Parts Unknown (weapon)
{vamp, *Drain rC++ Int+2} You puncture the crimson imp!
The crimson imp is heavily wounded.
The crimson imp hits you but does no damage.
You puncture the crimson imp!
You kill the crimson imp!
The dart slug bites you.
You hit the dart slug.
The dart slug is heavily wounded.
The dart slug bites you but does no damage.
You puncture the dart slug!
You kill the dart slug!
No target in view!
Things that are here:
a war axe; a scroll of random uselessness {!r} A bullfrog skeleton comes into view.
You see here a scroll of enchant weapon {!r}.
e - a scroll of enchant weapon {!r} The electric eel shoots out a bolt of lightning at you!
The bolt of electricity misses you.
You hear a shout!
Casting: Lee's Rapid Deconstruction (quite dangerous; 28% risk of failure)
Confirm with . or Enter, or press ? or * to list all spells.
Aiming: Lee's Rapid Deconstruction (quite dangerous; 28% risk of failure)
Press: ? - help, Dir - move target cursor A rock wall.
The wall shatters!
The blast of rock fragments hits the electric eel.
You kill the electric eel!
You hear a shout!
You hear a chilling moan.
You hear an angry hiss.
Unknown command.
A centaur comes into view.
The centaur wields a shortbow.
The centaur shoots an arrow.
The arrow hits you!
You hear an angry hiss.
Things that are here:
an arrow; a scroll of identify {!r}
There are monsters nearby!
Casting: Lee's Rapid Deconstruction (quite dangerous; 26% risk of failure)
Confirm with . or Enter, or press ? or * to list all spells.
Aiming: Lee's Rapid Deconstruction (quite dangerous; 26% risk of failure)
Press: ? - help, Dir - move target cursor, f - bullfrog skeleton Fragment what (e.g. wall or brittle monster)?: a bullfrog skeleton (hasn't noticed you)
The bullfrog skeleton shatters!
The bullfrog skeleton is heavily damaged.
The centaur shoots an arrow.
The arrow hits you!
Unknown command.
The centaur shoots an arrow.
The arrow hits you.
* * * LOW HITPOINT WARNING * * *
The centaur shoots an arrow.
The arrow hits you!
* * * LOW HITPOINT WARNING * * *
You see here 2 arrows.
You hit the bullfrog skeleton.
The bullfrog skeleton is severely damaged.
A worker ant comes into view.
The centaur shoots an arrow.
The arrow hits you!
* * * LOW HITPOINT WARNING * * *
The bullfrog skeleton hits you.
You die...

≈≈≈≈≈≈..≈≈≈≈≈≈≈
.≈≈≈≈≈⌠!$≈≈#≈≈.#.
#≈≈≈≈)(cZ#≈ w#..
#≈≈≈≈≈≈≈≈≈###.[# #.
###.≈≈≈≈≈≈≈....# #.
....#≈≈.≈≈.....# #..
.........(.....# #..
..###........##.
#..# #..@....... .[.
.######Z###....
#.###
..........#..##
#.#...#
..........#..#
#.###.)
.......)..#..# #.#
### ...a.........#
#.# #
#............### #.#
##........_....###.#
#...........#...#.#


You could see a centaur, a worker ant (wandering) and 2 bullfrog skeletons.

Vanquished Creatures
  An ice beast (D:5)
  2 ogres
  A centaur (D:5)
  A scorpion (D:5)
  An electric eel (D:6)
  A howler monkey (D:4)
  A crimson imp (D:6)
  A bullfrog skeleton (D:5)
  A bullfrog zombie (D:5)
  A hound (D:4)
  3 centaur skeletons (D:4)
  2 orc wizards (D:4)
  2 worker ants
  5 adders
  An adder zombie (D:5)
  A worm (D:2)
  A dart slug (D:6)
  2 leopard geckos (D:4)
  12 orcs
  A ball python (D:4)
  A giant cockroach (D:2)
  2 hobgoblins (D:4)
  3 jackals (D:4)
  2 kobolds
  3 quokkas
  2 bats
  2 frilled lizards
  6 goblins
  3 rats
65 creatures vanquished.

Notes
Turn   | Place    | Note
-------+----------+-------------------------------------------
     0 | D:1      | Amnesiac the Mummy Earth Elementalist began the quest for the Orb.
     0 | D:1      | Reached XP level 1. HP: 13/13 MP: 4/4
   107 | D:2      | Reached XP level 2. HP: 10/19 MP: 0/5
   111 | D:2      | Learned a level 2 spell: Passwall
   661 | D:2      | Reached XP level 3. HP: 24/24 MP: 1/7
   671 | D:2      | Learned a level 3 spell: Stone Arrow
  1610 | D:4      | Reached XP level 4. HP: 30/30 MP: 5/9
  1616 | D:4      | Learned a level 4 spell: Petrify
  1666 | D:4      | Reached XP level 5. HP: 22/35 MP: 1/11
  2000 | D:4      | Found a blossoming altar of Fedhas.
  2000 | D:4      | Found a faded altar of an unknown god.
  2009 | D:4      | Found a sacrificial altar of Ru.
  2011 | D:4      | Found a white marble altar of Elyvilon.
  2013 | D:4      | Found a faded altar of an unknown god.
  2450 | D:4      | Noticed an ogre
  2456 | D:4      | Killed an ogre
  2456 | D:4      | Reached skill level 5 in Spellcasting
  2456 | D:4      | Reached skill level 5 in Earth Magic
  2456 | D:4      | Reached XP level 6. HP: 39/41 MP: 7/13
  2463 | D:4      | Learned a level 5 spell: Lee's Rapid Deconstruction
  2854 | D:5      | Entered Level 5 of the Dungeon
  3196 | D:5      | Reached XP level 7. HP: 43/46 MP: 5/15
  3320 | D:5      | Got a slimy hat
  3596 | D:5      | Identified the +0 hat of the Gloaming {*Corrode rC+++ Int+4} (You found it on level 5 of the Dungeon)
  3991 | D:6      | Found a bloodstained altar of Trog.
  3999 | D:6      | Got a crude dagger
  4000 | D:6      | Identified the +10 dagger of Parts Unknown {vamp, *Drain rC++ Int+2} (You found it on level 6 of the Dungeon)
  4020 | D:6      | Slain by a bullfrog skeleton

Vault maps used:
D:1:      co_arrival_square_in_a_square_in_a_square, fountainhead,
          hangedman_decor_slide_cut, cheibriados_altar_1
D:4:      chequers_temple_overflow_minitemple, minmay_goblin_kobold_house
D:5:      first_ration, st_stairs_5
D:6:      kennysheep_slugbush, minmay_temple_entry_junction_2, serial_shops,
          nicolae_shop_statue_plus, bloody_trog

Skill      XL: |  1  2  3  4  5  6  7 |
---------------+----------------------+-----
Earth Magic    | 3 4 5 6 |  6.6
Spellcasting   | 3 4 5 6 |  6.6
Dodging        | |  1.5
Stealth        | |  1.5
Transmutations | |  0.7

Action                   |  1- 3 |  4- 6 |  7- 9 || total
-------------------------+-------+-------+-------++-------
Melee: Unarmed           |     7 |       |       ||     7
       Club              |     8 |       |       ||     8
       Mace              |     6 |       |       ||     6
       Quarterstaff      |    58 |   102 |     7 ||   167
       Dagger            |       |       |     5 ||     5
       Great sword       |       |       |     3 ||     3
 Cast: Sandblast         |    20 |    38 |    15 ||    73
       Lee's Rapid Decon |       |       |     3 ||     3
  Use: Scroll            |       |       |    10 ||    10
 Stab: Sleeping          |       |     1 |       ||     1
Armor: Robe              |     6 |       |       ||     6
       Ring mail         |    20 |    39 |     2 ||    61
       Leather armour    |       |       |     5 ||     5
Dodge: Dodged            |    57 |    89 |    15 ||   161
       Rpst.: Great sword |       |       |     3 ||     3

Table legend:
 A = Spawn XP
 B = Non-spawn XP
 C = Spawn XP percentage of total XP
 D = Spawn monster count
 E = Non-spawn monster count
 F = Spawn count percentage of total count
 G = Total turns spent on level
                    A         B        C        D         E        F      G
               +---------+---------+-------+---------+---------+-------+---------
         Total |       0 |    1273 |   0.0 |       0 |      65 |   0.0 |  4020
               +---------+---------+-------+---------+---------+-------+---------
           D:1 |       0 |       1 |   0.0 |       0 |       1 |   0.0 |   105
           D:2 |       0 |      41 |   0.0 |       0 |      10 |   0.0 |   609
           D:3 |       0 |      29 |   0.0 |       0 |      13 |   0.0 |   753
           D:4 |       0 |     512 |   0.0 |       0 |      28 |   0.0 |  1387
           D:5 |       0 |     581 |   0.0 |       0 |      10 |   0.0 |  1029
           D:6 |       0 |     109 |   0.0 |       0 |       3 |   0.0 |   137
               +---------+---------+-------+---------+---------+-------+---------
